 Dungeon Crawl Stone Soup version 0.30-a0-137-gd8773701ce (webtiles) character file.

Game seed: 8308615390814004756

39 KennySheep the Chopper (level 3, -5/29 HPs)
             Began as a Palentonga Gladiator on Sept 23, 2022.
             Was a Follower of Wu Jian.
             Slain by a gnoll
             ... wielding a +0 flail
              (7 damage)
             ... on level 2 of the Dungeon.
             The game lasted 00:02:46 (1187 turns).

KennySheep the Chopper (Palentonga Gladiator)       Turns: 1187, Time: 00:02:46

Health: -5/29      AC:  8    Str: 21    XL:     3   Next: 28%
Magic:  3/3        EV: 10    Int:  8    God:    Wu Jian [*.....]
Gold:   114        SH:  0    Dex: 11    Spells: 2/2 levels left

rFire   . . .      SeeInvis +    a - +0 war axe
rCold   . . .      Faith    .    (no shield)
rNeg    . . .      Spirit   .    b - +0 leather armour
rPois   .          Reflect  .    c - +0 helmet
rElec   .          Harm     .    m - +2 cloak
rCorr   .          Rampage  .    (no gloves)
Will    .....                    (no barding)
Stlth   +.........               i - amulet of the acrobat
HPRegen 0.09/turn                (no ring)
MPRegen 0.08/turn                (no ring)

@: no status effects
A: large, rugged brown scales 3, see invisible, deformed body, roll 1, armoured
tail
a: Rolling Charge, Renounce Religion


You were on level 2 of the Dungeon.
You worshipped Wu Jian.
Wu Jian was aware of your devotion.
You visited 1 branch of the dungeon, and saw 2 of its levels.

You collected 114 gold pieces.

Inventory:

Hand Weapons
 a - a +0 war axe (weapon)
Missiles
 d - 3 throwing nets
 e - a javelin
Armour
 b - a +0 leather armour (worn)
 c - a +0 helmet (worn)
 m - a +2 cloak (worn)
Jewellery
 i - an amulet of the acrobat (around neck)
Scrolls
 g - a scroll of identify {unknown}
 j - 2 scrolls of teleportation {unknown}
 l - a scroll of poison {unknown}
 p - a scroll of blinking {unknown}
 q - a scroll of vulnerability {unknown}
Potions
 f - a potion of haste {unknown}
 h - a potion of flight {unknown}
 k - a potion of curing {unknown}
 n - a potion of brilliance {unknown}
 o - a potion of resistance {unknown}


   Skills:
 + Level 2.4 Fighting
 * Level 3.6 Axes
 - Level 1.3 Throwing
 + Level 0.8 Armour
 + Level 2.7 Dodging


You had 2 spell levels left.
You didn't know any spells.
Your spell library was empty.

Dungeon Overview and Level Annotations

Branches:
Dungeon (2/15)

Altars:
Wu Jian


Innate Abilities, Weirdness & Mutations

You are completely covered in rugged brown scales. (AC +3, +7% HP)
You have supernaturally acute eyesight. (SInv)
Armour fits poorly on your strangely shaped body.
You can roll at nearby foes to attack.
You have a long armoured tail.


Message History

The hobgoblin hits you but does no damage.
The gnoll hits you with a +0 whip. The hobgoblin attacks as you move away!
The hobgoblin hits you.
The gnoll shouts!
A bat comes into view.
The bat moves out of view.
You barely miss the hobgoblin. You tail-slap the hobgoblin.
You kill the hobgoblin!
The Council accepts your kill.
You lunge at the gnoll, but your attack speed is too slow for a blow to land.
The bat hits you but does no damage. The gnoll hits you with a +0 whip!
You barely miss the gnoll. The bat barely misses you.
The gnoll hits you with a +0 whip. The gnoll barely misses you.
The gnoll attacks as you move away! The gnoll hits you with a +0 whip.
* * * LOW HITPOINT WARNING * * *
The bat misses you.
You lunge at the bat, but your attack speed is too slow for a blow to land.
The bat completely misses you. The bat misses you.
You hit the gnoll.
The gnoll is moderately wounded.
You closely miss the bat. You closely miss the gnoll.
The bat closely misses you. The bat misses you.
The gnoll hits you with a +0 whip.
* * * LOW HITPOINT WARNING * * *
The gnoll closely misses you.
You barely miss the gnoll.
The gnoll is moderately wounded.
You hit the gnoll but do no damage. You miss the bat.
The bat hits you but does no damage. The bat hits you.
* * * LOW HITPOINT WARNING * * *
The gnoll barely misses you. The gnoll hits you with a +0 flail.
* * * LOW HITPOINT WARNING * * *
The bat misses you.
You slash the gnoll!
The gnoll is severely wounded.
You closely miss the bat. You barely miss the gnoll. The bat misses you.
The gnoll hits you with a +0 whip.
* * * LOW HITPOINT WARNING * * *
The gnoll hits you with a +0 flail!
You die...

### #$. .. #######.####..$
...............
#..J...g........ ### #†#
.#.# #.. ##g## .#.####
.###.# #.###$.g###....##.
..##.#
#.....!.Jg@........###.##.#
..####...g#.b...##..#..##.#
.....................##.#
#####.#.#..#.####.....#.#
###......#.# #.........
#..........###......#.#
......###..........#.##.#
....#. #..######.)#.##.#
..##...##..........#.##.#


You could see 4 gnolls, an endoplasm and a bat.

Vanquished Creatures
  An adder (D:2)
  A ball python (D:1)
  4 endoplasms (D:1)
  A giant cockroach (D:1)
  2 goblins (D:1)
  4 hobgoblins
  3 jackals (D:1)
  2 kobolds
  2 quokkas (D:1)
  4 bats (D:1)
  A rat (D:1)
25 creatures vanquished.

Vanquished Creatures (others)
  A plant (D:1)
1 creature vanquished.

Grand Total: 26 creatures vanquished

Notes
Turn   | Place    | Note
-------+----------+-------------------------------------------
     0 | D:1      | KennySheep the Palentonga Gladiator began the quest for the
                  | Orb.
     0 | D:1      | Reached XP level 1. HP: 17/17 MP: 1/1
   244 | D:1      | Found a faded altar of an unknown god.
   258 | D:1      | Prayed at the altar of an unknown god.
   258 | D:1      | Became a worshipper of the Wu Jian Council
   258 | D:1      | Reached * piety under Wu Jian
   386 | D:1      | Reached XP level 2. HP: 19/23 MP: 2/2
   933 | D:2      | Reached XP level 3. HP: 29/29 MP: 3/3
  1187 | D:2      | Slain by a gnoll

Illustrated notes

Levels and vault maps discovered:
D:1:      giann_forest_graveyard, layout_rooms,
          shapermc_ecumenical_altar_mp_ritualfount, dreamdust_princess_corridor
D:2:      layout_loops_ring

Action                   || total
-------------------------++-------
Melee: War axe           ||    82
       Tailslap          ||     7
Throw: Throwing net      ||     1
Invok: Lunge             ||     5
 Abil: Rolling Charge    ||     4
Armor: Leather armour    ||    47
Dodge: Dodged            ||    55

Table legend: (Time is in decaauts)
 A = Elapsed time spent in this place.
 B = Non-inter-level travel time spent in this place.
 C = Inter-level travel time spent in this place.
 D = Time resting spent in this place.
 E = Time spent auto-exploring this place.
 F = Levels seen in this place.
 G = Mean time per level.
                   A        B        C        D        E       F      G
               +--------+--------+--------+--------+--------+-----+--------+
         Total |   1211 |   1205 |      6 |    204 |    781 |   2 |  605.5 |
       Dungeon |   1211 |   1205 |      6 |    204 |    781 |   2 |  605.5 |
               +--------+--------+--------+--------+--------+-----+--------+

Top non-repeatable levels by time:
     D:1: 918 daAuts
     D:2: 293 daAuts
